 Dungeon Crawl Stone Soup version 0.24-a0-170-gd8427f5 (console) character file.

Game seed: 16436748171625458667

365 Duffy the Chopper (level 6, -5/57 HPs)
             Began as a Naga Gladiator on Mar 8, 2019.
             Killed from afar by an orc wizard (7 damage)
             ... with a magic dart
             ... on level 3 of the Dungeon.
             The game lasted 00:03:09 (4616 turns).

Duffy the Chopper (Naga Gladiator)                  Turns: 4616, Time: 00:03:10

Health: -5/57      AC:  5    Str: 16    XL:     6   Next: 68%
Magic:  6/6        EV: 11    Int: 10    God:
Gold:   205        SH:  0    Dex: 13    Spells: 5/5 levels left

rFire    . . .     SeeInvis +   a - +0 war axe
rCold    . . .     Gourm    .   (no shield)
rNeg     . . .     Faith    .   b - +0 leather armour
rPois    +         Spirit   .   c - +0 helmet
rElec    .         Reflect  .   (no cloak)
rCorr    .         Harm     +   u - +0 pair of gloves
MR       .....     Rnd*Tele +   (no barding)
Stlth    +.........             e - amulet of harm
HPRegen  0.19/turn              h - ring of poison resistance
MPRegen  0.10/turn              i - ring of teleportation (curse)

@: very slow
A: large, see invisible, deformed body, poison resistance, slowness 2, slow
metabolism 1, spit poison 1, AC +2
a: Spit Poison


You were on level 3 of the Dungeon.
You were not hungry.

You visited 1 branch of the dungeon, and saw 4 of its levels.

You collected 205 gold pieces.

Inventory:

Hand Weapons
 a - a +0 war axe (weapon)
 v - a +0 blowgun
Missiles
 d - 3 throwing nets
 p - 8 tomahawks of returning
 s - 3 steel javelins (quivered)
 w - 12 poisoned needles
 x - 2 javelins
Armour
 b - a +0 leather armour (worn)
 c - a +0 helmet (worn)
 u - a +0 pair of gloves (worn)
Jewellery
 e - an amulet of harm (around neck)
 h - a ring of poison resistance (left hand)
 i - a cursed ring of teleportation (right hand)
Wands
 z - a wand of flame (18)
Scrolls
 g - a scroll of fog {unknown}
 k - a scroll of noise {unknown}
 l - 3 scrolls of identify {unknown}
 m - a scroll of immolation {unknown}
 n - 2 scrolls of enchant armour {unknown}
 o - 2 scrolls of teleportation {unknown}
 r - 2 scrolls of blinking {unknown}
 y - a scroll of remove curse {unknown}
Potions
 j - a potion of agility {unknown}
 q - a potion of curing {unknown}
 t - a potion of heal wounds {unknown}
 A - a potion of mutation {unknown}
Comestibles
 f - 6 rations


   Skills:
 + Level 4.2 Fighting
 + Level 4.8 Axes
 - Level 1.7 Throwing
 + Level 4.0 Dodging


You had 5 spell levels left.
You didn't know any spells.
Your spell library was empty.

Dungeon Overview and Level Annotations

Branches:
Dungeon (4/15)
 Temple: D:4-7

Altars:


Innate Abilities, Weirdness & Mutations

You cannot wear boots.
Your serpentine skin is tough. (AC +2)
You have supernaturally acute eyesight. (SInv)
Armour fits poorly on your strangely shaped body.
Your system is resistant to poisons. (rPois)
You cover ground very slowly.
You have a slow metabolism.
You can spit poison.


Message History

The orc wizard mumbles some strange words.
The orc wizard blinks!
The orc wizard casts a spell at you.
You easily resist.
The centaur shoots an arrow.
The arrow hits you! The orc wizard misses you.
The centaur shoots an arrow.
The arrow hits you.
You climb upwards.
There is a stone staircase leading down here.
Okay, then.
The orc wizard gestures wildly while chanting.
The orc wizard blinks!
Unknown command.
There is a stone staircase leading down here.
The orc wizard casts a spell at you. The magic dart hits you!
Items here: %%% ))) [ The orc wizard hits you with a +0 dagger.
You miss the orc wizard. The orc wizard casts a spell at you.
The magic dart hits you.
You die...

#...(.....# #.........#
#####
#.........#####...##
#...........##.....##
#.........#.........#
#<........###.......###
#.........# #..........
##..%....#####.....##..
#.>[@o...............#
#[......####..........
#..........#..........
#.......##.#......<...
######...#..#.........
###.##......#....
#.#####.####... #..>#
#..####..
###.####..##...


You could see an orc wizard.

Vanquished Creatures
  2 orc priests (D:3)
  3 orc wizards
  2 worker ants (D:4)
  4 adders
  4 gnolls
  An ooze (D:1)
  2 worms
  2 dart slugs (D:1)
  A leopard gecko (D:1)
  13 orcs
  A ball python (D:2)
  5 giant cockroaches
  6 goblins
  6 hobgoblins
  3 jackals (D:1)
  3 quokkas (D:3)
  6 bats
  3 frilled lizards
  10 kobolds
  8 rats
85 creatures vanquished.

Notes
Turn   | Place    | Note
-------+----------+-------------------------------------------
     0 | D:1      | Duffy the Naga Gladiator began the quest for the Orb.
     0 | D:1      | Reached XP level 1. HP: 19/19 MP: 1/1
   164 | D:1      | Reached XP level 2. HP: 19/26 MP: 2/2
   445 | D:1      | Reached XP level 3. HP: 23/33 MP: 3/3
  1067 | D:1      | You fall through a shaft!
  1174 | D:2      | Reached XP level 4. HP: 28/40 MP: 4/4
  1293 | D:2      | Found a faded altar of an unknown god.
  2469 | D:2      | HP: 2/42 [orc wizard/puff of flame (8)]
  2470 | D:2      | Reached XP level 5. HP: 2/49 MP: 5/5
  3622 | D:3      | You fall through a shaft!
  3634 | D:4      | Reached XP level 6. HP: 19/57 MP: 6/6
  4615 | D:3      | HP: 2/57 [orc wizard/+0 dagger (4)]
  4616 | D:3      | Killed from afar by an orc wizard

Levels and vault maps discovered:
D:1:      saegor_arrival_simple_e, layout_basic, minmay_misc_feat_chi
D:2:      layout_basic, chequers_ecumenical_altar_simple_redux, first_ration
D:3:      layout_rooms
D:4:      layout_rooms, minmay_temple_entry_from_below_a

Skill      XL: |  1  2  3  4  5  6 |
---------------+-------------------+-----
Dodging        | 3 4 |  4.0
Fighting       | 3 4 |  4.2
Axes           | 4 |  4.8
Throwing       | |  1.7

Action                   |  1- 3 |  4- 6 || total
-------------------------+-------+-------++-------
Melee: War axe           |    77 |   148 ||   225
 Abil: Spit Poison       |       |     2 ||     2
  Eat: Chunk             |       |     9 ||     9
Armor: Leather armour    |    51 |    52 ||   103
Dodge: Dodged            |    78 |   114 ||   192

Table legend:
 A = Non-vault XP
 B = Vault XP
 C = Vault XP percentage of total XP
 D = Non-vault monster count
 E = Vault monster count
 F = Vault count percentage of total count
                 A         B        C        D         E       F
            +---------+---------+-------+---------+---------+-------
      Total |     522 |       0 |   0.0 |      85 |       0 |   0.0
            +---------+---------+-------+---------+---------+-------
        D:1 |      73 |       0 |   0.0 |      29 |       0 |   0.0
        D:2 |     143 |       0 |   0.0 |      25 |       0 |   0.0
        D:3 |     236 |       0 |   0.0 |      29 |       0 |   0.0
        D:4 |      70 |       0 |   0.0 |       2 |       0 |   0.0
            +---------+---------+-------+---------+---------+-------
